 Dungeon Crawl Stone Soup version 0.28-a0-1429-gf3d713df7a (webtiles) character file.

Game seed: 14907318585759173712

108 croobank the Skirmisher (level 4, -1/41 HPs)
             Began as a Minotaur Berserker on Jan 8, 2022.
             Was a Believer of Trog.
             Killed by divine providence
             ... invoked by an orc priest
              (11 damage)
             ... on level 3 of the Dungeon.
             The game lasted 00:09:24 (3094 turns).

croobank the Skirmisher (Minotaur Berserker)        Turns: 3094, Time: 00:09:24

Health: -1/41      AC:  2    Str: 20 (23) XL:     4   Next: 58%
Magic:  3/3        EV: 12    Int:  1 (4)  God:    Trog [**....]
Gold:   101        SH:  0    Dex:  9 (10) Spells: 3/3 levels left

rFire   . . .      SeeInvis .   a - +0 hand axe
rCold   . . .      Faith    .   (no shield)
rNeg    . . .      Spirit   .   n - +0 animal skin
rPois   .          Reflect  .   (helmet restricted)
rElec   .          Harm     .   (no cloak)
rCorr   .          Rampage  .   (no gloves)
Will    .....                   (no boots)
Stlth   +.........              (no amulet)
HPRegen 0.13/turn               (no ring)
MPRegen 0.08/turn               (no ring)

@: confused, attractive, hasted, very quick
A: horns 2, retaliatory headbutt
a: Renounce Religion, Berserk, Trog's Hand


You were on level 3 of the Dungeon.
You worshipped Trog.
Trog was pleased with you.
You visited 1 branch of the dungeon, and saw 3 of its levels.

You collected 101 gold pieces.

Inventory:

Hand Weapons
 a - a +0 hand axe (weapon)
 b - a +0 hunting sling
 g - a +0 flail
Missiles
 j - 96 stones (quivered)
 o - 5 poisoned darts
Armour
 n - a +0 animal skin (worn)
Jewellery
 l - a ring of fire
Scrolls
 c - 2 scrolls of fog {unknown}
 e - a scroll of enchant armour
 f - a scroll of silence
 m - 3 scrolls of teleportation
 p - a scroll of acquirement {unknown}
Potions
 d - a potion of might


   Skills:
 + Level 4.5 Fighting
 + Level 4.5 Axes
 + Level 3.5 Armour
 + Level 3.2 Dodging


You had 3 spell levels left.
You didn't know any spells.
Your spell library was empty.

Dungeon Overview and Level Annotations

Branches:
Dungeon (3/15)

Altars:


Innate Abilities, Weirdness & Mutations

You have a pair of horns on your head.
You reflexively headbutt those who attack you in melee.


Message History

The orc wizard hits you with a +0 dagger.
The orc priest mumbles some strange prayers to Beogh against you.
Beogh smites you!
You completely miss the orc wizard.
You headbutt the orc wizard, but do no damage.
The orc wizard is heavily wounded.
The orc wizard barely misses you.
You hit the orc wizard.
The orc wizard is almost dead.
You hit the bat. The bat misses you.
The orc wizard gestures at you while chanting.
The magic dart hits you!
* * * LOW HITPOINT WARNING * * *
The bat closely misses you.
You barely miss the orc wizard.
The orc wizard is almost dead.
You closely miss the bat. The bat barely misses you.
The orc wizard points at you and mumbles some strange words.
You are confused.
You miss the orc wizard.
The orc wizard is almost dead.
The bat misses you.
The orc wizard mumbles some strange words.
The orc wizard flickers and vanishes!
Deactivating autopickup; reactivate with Ctrl-A.
The bat hits you but does no damage.
It was a potion of degeneration.
There was something very wrong with that liquid.
You feel weakened.
You feel dopey.
You feel clumsy. The bat hits you.
* * * LOW HITPOINT WARNING * * *
It was a potion of attraction.
You feel attractive to monsters. The bat closely misses you.
The bat barely misses you. The orc barely misses you.
It was a potion of haste.
You feel yourself speed up.
The bat barely misses you. x2; The orc closely misses you.
The orc priest calls down the wrath of Beogh upon you.
Beogh smites you!
You die...

.....#
#.#.#...#.#.......#.#....
.....#
#.#.....+................
.....#
#+###...#.##......#.#....
##.....
....##...........#....
#......
....###...........#...
......
...................+.#.
......
...######...........###.
...
.......b#...........###.
#@#.#.............
###o#.########......
#.{bo..# #........#
#......# #........#
#......# #.........
........# #..........
..................###..
................... #..
.....##.#.....##... ...


You could see an orc priest, an orc and 2 bats.

Vanquished Creatures
  3 gnolls (D:2)
  2 adders
  A worm (D:2)
  A dart slug (D:1)
  2 orcs (D:3)
  An endoplasm (D:3)
  2 giant cockroaches (D:1)
  6 goblins
  4 jackals (D:1)
  12 kobolds
  4 quokkas
  5 ball pythons
  A bat (D:1)
  2 frilled lizards
  12 rats
58 creatures vanquished.

Vanquished Creatures (others)
  3 fungi (D:1)
  12 plants
15 creatures vanquished.

Grand Total: 73 creatures vanquished

Notes
Turn   | Place    | Note
-------+----------+-------------------------------------------
     0 | D:1      | croobank the Minotaur Berserker began the quest for the
                  | Orb.
     0 | D:1      | Reached XP level 1. HP: 19/19 MP: 0/0
   292 | D:1      | Reached XP level 2. HP: 14/27 MP: 1/1
   933 | D:1      | Found a faded altar of an unknown god.
   974 | D:1      | Reached XP level 3. HP: 28/33 MP: 2/2
  1194 | D:2      | Reached ** piety under Trog
  1934 | D:2      | Reached XP level 4. HP: 19/41 MP: 3/3
  3094 | D:3      | Killed from afar by an orc priest

Illustrated notes

Levels and vault maps discovered:
D:1:      dpeg_arrival_three_same_balls, layout_rooms,
          shapermc_ecumenical_altar_mp_ritualfount, minmay_indecisive_spiral
D:2:      layout_loops_corners, lexackson_kobold_supper
D:3:      layout_basic, portal_sewer_entry_a, minmay_shallow_snake_nest

Skill      XL: |  1  2  3 |
---------------+----------+-----
Fighting       | 4 |  4.5
Axes           | 4 |  4.5
Armour         | 3 |  3.5
Dodging        | 3 |  3.2

Action                   |  1- 3 |  4- 6 || total
-------------------------+-------+-------++-------
Melee: Hand axe          |   100 |    33 ||   133
       Headbutt          |    10 |     3 ||    13
       Punch             |     3 |       ||     3
Invok: Berserk           |     1 |       ||     1
  Use: Scroll            |     3 |     1 ||     4
       Potion            |       |     3 ||     3
 Stab: Sleeping          |     1 |       ||     1
Armor: Animal skin       |    14 |     6 ||    20
Dodge: Dodged            |    71 |    27 ||    98

Table legend: (Time is in decaauts)
 A = Elapsed time spent in this place.
 B = Non-inter-level travel time spent in this place.
 C = Inter-level travel time spent in this place.
 D = Time resting spent in this place.
 E = Time spent auto-exploring this place.
 F = Levels seen in this place.
 G = Mean time per level.
                   A        B        C        D        E       F      G
               +--------+--------+--------+--------+--------+-----+--------+
         Total |   3112 |   3040 |     72 |    945 |   1489 |   3 | 1037.3 |
       Dungeon |   3112 |   3040 |     72 |    945 |   1489 |   3 | 1037.3 |
               +--------+--------+--------+--------+--------+-----+--------+

Top non-repeatable levels by time:
     D:2: 1615 daAuts
     D:1: 1101 daAuts
     D:3: 396 daAuts
